Penguins vs Oilers

Created - January 11, 2024 at 20:24

Goals
1 2 3 T
Penguins 1 1 2 4
Oilers 1 0 1 2
Shots
1 2 3 T
Penguins 11 10 14 35
Oilers 9 7 7 23

GoalsPenalties
1st period
1. Penguins , Justin Faulk 7 (Kevin Fiala 12, Nick Suzuki 18) at 3:45
2. Oilers , Alexander Barabanov 11 (Ryan Pulock 21) at 9:13
Vladislav Gavrikov (EDM) for Slashing (Minor) at 9:54
Oskar Lindblom (PIT) for Hooking (Minor) at 12:06
2nd period
3. Penguins , Josh Anderson 7 (Jeff Petry 16, Phil Kessel 6) at 14:40
Jack Campbell (EDM) for Slashing (Minor) at 3:39 - Adam Lowry served the penalty.
Devon Toews (PIT) for Holding Stick (Minor) at 11:27
Cole Caufield (PIT) for Holding (Minor) at 17:48
3rd period
4. Penguins , Justin Faulk 8 (Devon Toews 13) at 1:17 (PP)
5. Oilers , Cole Perfetti 3 (Ryan Johansen 12, Ondrej Palat 8) at 3:35
6. Penguins , Kevin Fiala 11 (Matt Roy 5) at 5:38
Vladislav Gavrikov (EDM) for Tripping (Minor) at 0:19
Ryan Johansen (EDM) for High sticking (Minor) at 1:18
Ryan Johansen (EDM) for Cross-checking (Minor) at 16:05
Goalie Stats
Calvin Petersen (PIT), 21 saves from 23 shots - (0.913), W, 4-5-1, 60:00 minutes
Jack Campbell (EDM), 31 saves from 35 shots - (0.886), L, 9-10-2, 60:00 minutes
3 StarsOfficial
1 - Justin Faulk (PIT)
2 - Kevin Fiala (PIT)
3 - Josh Anderson (PIT)
Referees : Tim Mayer and Dave Lewis
Linesman : Derek Amell and Darren Gibbs
Game Note
Jeff Petry is injured at 17:52 of 2nd period (Sprained Right Finger)
Finance
Level 1 -- Attendance: 5681 (87.40%) -- Ticket Income $693,082
Level 2 -- Attendance: 4178 (83.56%) -- Ticket Income $392,732
Level 3 -- Attendance: 2539 (72.54%) -- Ticket Income $190,425
Level 4 -- Attendance: 839 (100.00%) -- Ticket Income $61,247
Luxury Box -- Attendance: 934 (93.40%) -- Ticket Income $216,688
Game was played at the Rexall Place.
Total Attendance: 14171 (84.16%)
Total Ticket Income: $1,554,174
Other Income: $388,544
Total Income: $1,942,718



Team Name Goals Shots Shots Attemp Shots Blocked PIM HIT PP PK FO%
Penguins 4355696221 / 5 (20%)051%
Oilers 22351610230 / 3 (0%)149%

Penguins
Player Name POS G A P +/- PIM HIT SHT SB MP PP MP PP SHT PK MP PK SHT FO% FOT
Cole CaufieldRW0001203019:394:5120:0000% 0
Devon ToewsD0111223122:495:0831:4200% 0
Henri JokiharjuD000-1011018:420:2101:4600% 0
Jeff PetryD0111021113:102:0112:1600% 0
Josh AndersonRW1011032020:304:0301:0400% 0
Julien GauthierRW000000000:000:0000:0000% 0
Justin FaulkD2021013125:275:3622:2500% 0
Kevin FialaLW1121016020:214:5100:410100% 1
Logan O'ConnorRW000-1010013:530:0004:120100% 1
Mathew DumbaD0001000323:024:4203:3100% 0
Matt RoyD011-1043216:490:0000:1400% 0
Nick SuzukiC0111025021:254:5121:45148% 29
Oskar LindblomLW000-1221014:560:0000:0000% 0
Phil KesselRW0111002019:264:0310:000100% 1
Rem PitlickC000000205:160:0000:00038% 8
Rudolfs BalcersLW000001005:160:0000:0000% 0
Ryan PoehlingC000-1020113:530:0004:12031% 16
Seth JarvisC0001003019:264:0310:00063% 30
Oilers
Player Name POS G A P +/- PIM HIT SHT SB MP PP MP PP SHT PK MP PK SHT FO% FOT
Adam LowryC000-1032012:020:0002:52047% 15
Alexander BarabanovLW101-1004012:172:4600:210100% 1
Brandon HagelLW0000021023:143:1113:4500% 0
Brock BoeserRW0000003019:293:1100:0000% 0
Cole PerfettiC1011011017:542:4600:0000% 0
Dylan StromeC0000003019:372:4610:33058% 24
Jakob SilfverbergRW000-100009:210:0004:4800% 1
Jakub VoracekRW000-100004:330:0000:0000% 0
Jamie DrysdaleD0000020121:502:4605:1800% 0
Josh BaileyRW000-1002012:213:1110:0000% 0
Mattias SamuelssonD0000030017:580:0004:1200% 0
Ondrej PalatLW0111021017:542:4600:000100% 1
Paul StastnyC000-1001010:020:0005:29033% 18
Ryan JohansenC0111415018:173:1110:00050% 26
Ryan PulockD0111030124:003:1104:4200% 0
Scott MayfieldD000-2000115:570:0000:4100% 0
Troy StecherD000-2030115:160:0000:0000% 0
Vladislav GavrikovD0001430219:000:0002:5500% 0



Play-by-Play

1st period


0:01 of 1st period - Dylan Strome wins face-off versus Nick Suzuki in neutral zone.
0:03 of 1st period - Brandon Hagel is hit by Devon Toews and loses puck.
0:24 of 1st period - Vladislav Gavrikov is hit by Nick Suzuki and loses puck.
0:31 of 1st period - Justin Faulk is hit by Brandon Hagel and loses puck.
1:16 of 1st period - Shot by Ryan Johansen.
1:16 of 1st period - Stopped by Calvin Petersen without a rebound.
1:17 of 1st period - Ryan Poehling wins face-off versus Adam Lowry in Penguins zone.
1:23 of 1st period - Off-side.
1:24 of 1st period - Adam Lowry wins face-off versus Rem Pitlick in neutral zone.
1:31 of 1st period - Shot by Adam Lowry.
1:31 of 1st period - Shot Blocked by Matt Roy.
1:33 of 1st period - Shot by Alexander Barabanov.
1:33 of 1st period - Shot Misses the Net.
1:35 of 1st period - Shot by Adam Lowry.
1:35 of 1st period - Stopped by Calvin Petersen without a rebound.
1:36 of 1st period - Seth Jarvis wins face-off versus Ryan Johansen in Penguins zone.
1:58 of 1st period - Seth Jarvis is hit by Mattias Samuelsson and loses puck.
2:12 of 1st period - Phil Kessel is hit by Mattias Samuelsson and loses puck.
2:19 of 1st period - Shot by Phil Kessel.
2:19 of 1st period - Shot Blocked by Jamie Drysdale.
2:46 of 1st period - Mattias Samuelsson is hit by Ryan Poehling and loses puck.
3:02 of 1st period - Ryan Poehling is hit by Jamie Drysdale and loses puck.
3:05 of 1st period - Shot by Logan O'Connor.
3:05 of 1st period - Deflect By Oskar Lindblom.
3:05 of 1st period - Shot Misses the Net.
3:43 of 1st period - Shot by Nick Suzuki.
3:43 of 1st period - Deflect By Kevin Fiala.
3:43 of 1st period - Stopped by Jack Campbell with a rebound.
3:45 of 1st period - Shot by Justin Faulk.
3:45 of 1st period - Goal by Justin Faulk - Penguins : 1 - Oilers : 0.
3:46 of 1st period - Dylan Strome wins face-off versus Seth Jarvis in neutral zone.
4:28 of 1st period - Shot by Brock Boeser.
4:28 of 1st period - Deflect By Dylan Strome.
4:28 of 1st period - Stopped by Calvin Petersen without a rebound.
4:29 of 1st period - Paul Stastny wins face-off versus Rem Pitlick in Penguins zone.
5:13 of 1st period - Devon Toews is hit by Troy Stecher and loses puck.
5:29 of 1st period - Icing by Henri Jokiharju.
5:30 of 1st period - Adam Lowry wins face-off versus Nick Suzuki in Penguins zone.
5:51 of 1st period - Shot by Henri Jokiharju.
5:51 of 1st period - Shot Blocked by Vladislav Gavrikov.
5:57 of 1st period - Shot by Cole Caufield.
5:57 of 1st period - Shot Misses the Net.
5:59 of 1st period - Shot by Matt Roy.
5:59 of 1st period - Stopped by Jack Campbell without a rebound.
6:00 of 1st period - Dylan Strome wins face-off versus Seth Jarvis in Oilers zone.
6:15 of 1st period - Shot by Brandon Hagel.
6:15 of 1st period - Shot Misses the Net.
6:17 of 1st period - Shot by Brandon Hagel.
6:17 of 1st period - Shot Blocked by Mathew Dumba.
6:19 of 1st period - Shot by Jamie Drysdale.
6:19 of 1st period - Shot Blocked by Mathew Dumba.
6:27 of 1st period - Shot by Brock Boeser.
6:27 of 1st period - Shot Misses the Net.
6:31 of 1st period - Shot by Mattias Samuelsson.
6:31 of 1st period - Shot Misses the Net.
7:09 of 1st period - Shot by Adam Lowry.
7:09 of 1st period - Stopped by Calvin Petersen without a rebound.
7:10 of 1st period - Ryan Johansen wins face-off versus Ryan Poehling in Penguins zone.
7:46 of 1st period - Off-side.
7:47 of 1st period - Kevin Fiala wins face-off versus Adam Lowry in neutral zone.
8:03 of 1st period - Adam Lowry is hit by Matt Roy and loses puck.
8:06 of 1st period - Shot by Alexander Barabanov.
8:06 of 1st period - Stopped by Calvin Petersen without a rebound.
8:07 of 1st period - Rem Pitlick wins face-off versus Dylan Strome in Penguins zone.
8:16 of 1st period - Jamie Drysdale is hit by Rudolfs Balcers and loses puck.
8:37 of 1st period - Shot by Devon Toews.
8:37 of 1st period - Shot Misses the Net.
8:39 of 1st period - Shot by Rem Pitlick.
8:39 of 1st period - Stopped by Jack Campbell with a rebound.
8:41 of 1st period - Shot by Justin Faulk.
8:41 of 1st period - Shot Misses the Net.
9:13 of 1st period - Shot by Alexander Barabanov.
9:13 of 1st period - Goal by Alexander Barabanov - Penguins : 1 - Oilers : 1.
9:14 of 1st period - Ryan Johansen wins face-off versus Seth Jarvis in neutral zone.
9:25 of 1st period - Shot by Phil Kessel.
9:25 of 1st period - Shot Misses the Net.
9:27 of 1st period - Shot by Phil Kessel.
9:27 of 1st period - Stopped by Jack Campbell without a rebound.
9:28 of 1st period - Nick Suzuki wins face-off versus Adam Lowry in Oilers zone.
9:35 of 1st period - Shot by Kevin Fiala.
9:35 of 1st period - Deflect By Cole Caufield.
9:35 of 1st period - Shot Blocked by Ryan Pulock.
9:54 of 1st period - Minor Penalty to Vladislav Gavrikov for Slashing.
9:55 of 1st period - Seth Jarvis wins face-off versus Paul Stastny in Oilers zone.
9:58 of 1st period - Shot by Justin Faulk.
9:58 of 1st period - Stopped by Jack Campbell without a rebound.
9:59 of 1st period - Seth Jarvis wins face-off versus Paul Stastny in Oilers zone.
11:31 of 1st period - Icing by Nick Suzuki.
11:32 of 1st period - Paul Stastny wins face-off versus Nick Suzuki in Penguins zone.
11:43 of 1st period - Shot by Jeff Petry.
11:43 of 1st period - Stopped by Jack Campbell without a rebound.
11:44 of 1st period - Seth Jarvis wins face-off versus Paul Stastny in Oilers zone.
12:06 of 1st period - Minor Penalty to Oskar Lindblom for Hooking.
12:07 of 1st period - Ryan Johansen wins face-off versus Ryan Poehling in Penguins zone.
12:22 of 1st period - Mathew Dumba is hit by Ryan Johansen and loses puck.
12:33 of 1st period - Shot by Brandon Hagel.
12:33 of 1st period - Shot Blocked by Ryan Poehling.
12:35 of 1st period - Shot by Brandon Hagel.
12:35 of 1st period - Stopped by Calvin Petersen without a rebound.
12:36 of 1st period - Logan O'Connor wins face-off versus Dylan Strome in Penguins zone.
12:51 of 1st period - Icing by Alexander Barabanov.
12:52 of 1st period - Dylan Strome wins face-off versus Ryan Poehling in Oilers zone.
13:11 of 1st period - Cole Perfetti is hit by Jeff Petry and loses puck.
13:14 of 1st period - Shot by Dylan Strome.
13:14 of 1st period - Stopped by Calvin Petersen without a rebound.
13:15 of 1st period - Ryan Johansen wins face-off versus Ryan Poehling in Penguins zone.
13:18 of 1st period - Shot by Brock Boeser.
13:18 of 1st period - Shot Blocked by Devon Toews.
13:23 of 1st period - Devon Toews is hit by Ryan Pulock and loses puck.
13:54 of 1st period - Shot by Ryan Johansen.
13:54 of 1st period - Stopped by Calvin Petersen without a rebound.
13:55 of 1st period - Nick Suzuki wins face-off versus Dylan Strome in Penguins zone.
14:21 of 1st period - Shot by Paul Stastny.
14:21 of 1st period - Deflect By Jakob Silfverberg.
14:21 of 1st period - Shot Misses the Net.
14:31 of 1st period - Shot by Rem Pitlick.
14:31 of 1st period - Stopped by Jack Campbell with a rebound.
14:34 of 1st period - Rudolfs Balcers is hit by Troy Stecher and loses puck.
15:17 of 1st period - Shot by Kevin Fiala.
15:17 of 1st period - Shot Misses the Net.
15:19 of 1st period - Shot by Kevin Fiala.
15:19 of 1st period - Stopped by Jack Campbell with a rebound.
15:42 of 1st period - Icing by Justin Faulk.
15:43 of 1st period - Nick Suzuki wins face-off versus Ryan Johansen in Penguins zone.
15:43 of 1st period - Nick Suzuki is hit by Ondrej Palat.
15:50 of 1st period - Devon Toews is hit by Mattias Samuelsson and loses puck.
16:10 of 1st period - Mattias Samuelsson is hit by Jeff Petry and loses puck.
16:35 of 1st period - Shot by Seth Jarvis.
16:35 of 1st period - Stopped by Jack Campbell without a rebound.
16:36 of 1st period - Dylan Strome wins face-off versus Ryan Poehling in Oilers zone.
16:36 of 1st period - Dylan Strome is hit by Ryan Poehling.
17:12 of 1st period - Icing by Vladislav Gavrikov.
17:13 of 1st period - Dylan Strome wins face-off versus Nick Suzuki in Oilers zone.
17:41 of 1st period - Shot by Kevin Fiala.
17:41 of 1st period - Stopped by Jack Campbell without a rebound.
17:42 of 1st period - Seth Jarvis wins face-off versus Adam Lowry in Oilers zone.
17:59 of 1st period - Shot by Josh Bailey.
17:59 of 1st period - Deflect By Alexander Barabanov.
17:59 of 1st period - Shot Misses the Net.
18:02 of 1st period - Icing by Seth Jarvis.
18:03 of 1st period - Seth Jarvis wins face-off versus Ryan Johansen in Penguins zone.
18:18 of 1st period - Justin Faulk is hit by Cole Perfetti and loses puck.
18:52 of 1st period - Icing by Mattias Samuelsson.
18:53 of 1st period - Nick Suzuki wins face-off versus Ryan Johansen in Oilers zone.
19:00 of 1st period - Shot by Nick Suzuki.
19:00 of 1st period - Shot Misses the Net.
Goals for this period are 1 for Penguins vs 1 for Oilers.
Shots for this period are 11 for Penguins vs 9 for Oilers.

2nd period


0:01 of 2nd period - Adam Lowry wins face-off versus Nick Suzuki in neutral zone.
1:09 of 2nd period - Icing by Vladislav Gavrikov.
1:10 of 2nd period - Seth Jarvis wins face-off versus Dylan Strome in Oilers zone.
1:17 of 2nd period - Jeff Petry is hit by Brandon Hagel and loses puck.
1:27 of 2nd period - Seth Jarvis is hit by Vladislav Gavrikov.
1:33 of 2nd period - Brandon Hagel is hit by Josh Anderson and loses puck.
1:42 of 2nd period - Brandon Hagel is hit by Josh Anderson.
2:11 of 2nd period - Icing by Matt Roy.
2:12 of 2nd period - Ryan Johansen wins face-off versus Ryan Poehling in Penguins zone.
2:23 of 2nd period - Shot by Cole Perfetti.
2:23 of 2nd period - Shot Misses the Net.
2:25 of 2nd period - Shot by Ryan Johansen.
2:25 of 2nd period - Stopped by Calvin Petersen without a rebound.
2:26 of 2nd period - Adam Lowry wins face-off versus Nick Suzuki in Penguins zone.
2:33 of 2nd period - Shot by Alexander Barabanov.
2:33 of 2nd period - Stopped by Calvin Petersen without a rebound.
2:34 of 2nd period - Ryan Poehling wins face-off versus Adam Lowry in Penguins zone.
2:34 of 2nd period - Justin Faulk is hit by Adam Lowry and loses puck.
3:15 of 2nd period - Shot by Logan O'Connor.
3:15 of 2nd period - Deflect By Ryan Poehling.
3:15 of 2nd period - Shot Misses the Net.
3:17 of 2nd period - Shot by Logan O'Connor.
3:17 of 2nd period - Deflect By Oskar Lindblom.
3:17 of 2nd period - Shot Misses the Net.
3:32 of 2nd period - Phil Kessel is hit by Troy Stecher and loses puck.
3:39 of 2nd period - Shot by Josh Anderson.
3:39 of 2nd period - Stopped by Jack Campbell without a rebound.
3:39 of 2nd period - Minor Penalty to Jack Campbell for Slashing.
3:40 of 2nd period - Paul Stastny wins face-off versus Nick Suzuki in Oilers zone.
3:53 of 2nd period - Shot by Nick Suzuki.
3:53 of 2nd period - Stopped by Jack Campbell with a rebound.
4:13 of 2nd period - Shot by Cole Caufield.
4:13 of 2nd period - Stopped by Jack Campbell without a rebound.
4:14 of 2nd period - Paul Stastny wins face-off versus Seth Jarvis in Oilers zone.
6:02 of 2nd period - Shot by Ryan Johansen.
6:02 of 2nd period - Shot Misses the Net.
6:35 of 2nd period - Mattias Samuelsson is hit by Oskar Lindblom and loses puck.
7:07 of 2nd period - Alexander Barabanov is hit by Matt Roy and loses puck.
7:32 of 2nd period - Brandon Hagel is hit by Matt Roy and loses puck.
7:50 of 2nd period - Brandon Hagel is hit by Henri Jokiharju and loses puck.
7:59 of 2nd period - Shot by Brock Boeser.
7:59 of 2nd period - Stopped by Calvin Petersen without a rebound.
8:00 of 2nd period - Ryan Johansen wins face-off versus Nick Suzuki in Penguins zone.
8:06 of 2nd period - Icing by Jeff Petry.
8:07 of 2nd period - Nick Suzuki wins face-off versus Ryan Johansen in Penguins zone.
8:20 of 2nd period - Shot by Nick Suzuki.
8:20 of 2nd period - Deflect By Kevin Fiala.
8:20 of 2nd period - Stopped by Jack Campbell with a rebound.
8:22 of 2nd period - Shot by Nick Suzuki.
8:22 of 2nd period - Shot Blocked by Scott Mayfield.
8:24 of 2nd period - Shot by Nick Suzuki.
8:24 of 2nd period - Stopped by Jack Campbell with a rebound.
8:26 of 2nd period - Shot by Kevin Fiala.
8:26 of 2nd period - Stopped by Jack Campbell without a rebound.
8:27 of 2nd period - Dylan Strome wins face-off versus Seth Jarvis in Oilers zone.
8:58 of 2nd period - Shot by Brock Boeser.
8:58 of 2nd period - Stopped by Calvin Petersen without a rebound.
8:59 of 2nd period - Ryan Johansen wins face-off versus Nick Suzuki in Penguins zone.
9:03 of 2nd period - Icing by Jeff Petry.
9:04 of 2nd period - Nick Suzuki wins face-off versus Ryan Johansen in Penguins zone.
9:40 of 2nd period - Mattias Samuelsson is hit by Nick Suzuki and loses puck.
10:44 of 2nd period - Brock Boeser is hit by Devon Toews and loses puck.
10:56 of 2nd period - Josh Anderson is hit by Vladislav Gavrikov and loses puck.
11:25 of 2nd period - Jakub Voracek is hit by Justin Faulk and loses puck.
11:27 of 2nd period - Minor Penalty to Devon Toews for Holding Stick.
11:28 of 2nd period - Ryan Poehling wins face-off versus Ryan Johansen in Penguins zone.
11:38 of 2nd period - Off-side.
11:39 of 2nd period - Dylan Strome wins face-off versus Ryan Poehling in neutral zone.
13:50 of 2nd period - Shot by Rudolfs Balcers.
13:50 of 2nd period - Shot Misses the Net.
13:52 of 2nd period - Shot by Matt Roy.
13:52 of 2nd period - Stopped by Jack Campbell without a rebound.
13:53 of 2nd period - Adam Lowry wins face-off versus Nick Suzuki in Oilers zone.
13:53 of 2nd period - Alexander Barabanov is hit by Kevin Fiala and loses puck.
14:04 of 2nd period - Nick Suzuki is hit by Adam Lowry and loses puck.
14:17 of 2nd period - Shot by Adam Lowry.
14:17 of 2nd period - Deflect By Alexander Barabanov.
14:17 of 2nd period - Stopped by Calvin Petersen without a rebound.
14:18 of 2nd period - Seth Jarvis wins face-off versus Paul Stastny in Penguins zone.
14:40 of 2nd period - Shot by Josh Anderson.
14:40 of 2nd period - Goal by Josh Anderson - Penguins : 2 - Oilers : 1.
14:41 of 2nd period - Dylan Strome wins face-off versus Rem Pitlick in neutral zone.
14:59 of 2nd period - Rem Pitlick is hit by Vladislav Gavrikov and loses puck.
15:20 of 2nd period - Shot by Oskar Lindblom.
15:20 of 2nd period - Shot Blocked by Vladislav Gavrikov.
15:22 of 2nd period - Shot by Henri Jokiharju.
15:22 of 2nd period - Stopped by Jack Campbell with a rebound.
16:02 of 2nd period - Off-side.
16:03 of 2nd period - Ondrej Palat wins face-off versus Seth Jarvis in neutral zone.
17:06 of 2nd period - Shot by Alexander Barabanov.
17:06 of 2nd period - Shot Misses the Net.
17:08 of 2nd period - Shot by Adam Lowry.
17:08 of 2nd period - Shot Misses the Net.
17:13 of 2nd period - Icing by Justin Faulk.
17:14 of 2nd period - Seth Jarvis wins face-off versus Paul Stastny in Penguins zone.
17:29 of 2nd period - Shot by Paul Stastny.
17:29 of 2nd period - Shot Blocked by Justin Faulk.
17:48 of 2nd period - Minor Penalty to Cole Caufield for Holding.
17:49 of 2nd period - Ryan Johansen wins face-off versus Ryan Poehling in Penguins zone.
17:52 of 2nd period - Shot by Ryan Pulock.
17:52 of 2nd period - Shot Blocked by Jeff Petry.
17:52 of 2nd period - Jeff Petry from Penguins is injured at 17:52 of 2nd period (Sprained Right Finger).
17:53 of 2nd period - Dylan Strome wins face-off versus Ryan Poehling in Penguins zone.
18:00 of 2nd period - Shot by Alexander Barabanov.
18:00 of 2nd period - Shot Hit the Post.
18:15 of 2nd period - Ryan Poehling is hit by Jamie Drysdale and loses puck.
18:52 of 2nd period - Shot by Nick Suzuki.
18:52 of 2nd period - Stopped by Jack Campbell without a rebound.
18:53 of 2nd period - Ryan Poehling wins face-off versus Ryan Johansen in Oilers zone.
19:10 of 2nd period - Shot by Josh Bailey.
19:10 of 2nd period - Shot Misses the Net.
19:24 of 2nd period - Shot by Ryan Johansen.
19:24 of 2nd period - Shot Misses the Net.
19:26 of 2nd period - Shot by Josh Bailey.
19:26 of 2nd period - Stopped by Calvin Petersen without a rebound.
19:27 of 2nd period - Nick Suzuki wins face-off versus Ryan Johansen in Penguins zone.
19:56 of 2nd period - Shot by Paul Stastny.
19:56 of 2nd period - Stopped by Calvin Petersen without a rebound.
19:57 of 2nd period - Rem Pitlick wins face-off versus Paul Stastny in Penguins zone.
Goals for this period are 1 for Penguins vs 0 for Oilers.
Shots for this period are 10 for Penguins vs 7 for Oilers.

3rd period


0:01 of 3rd period - Nick Suzuki wins face-off versus Dylan Strome in neutral zone.
0:06 of 3rd period - Cole Caufield is hit by Ryan Pulock and loses puck.
0:16 of 3rd period - Icing by Vladislav Gavrikov.
0:17 of 3rd period - Seth Jarvis wins face-off versus Dylan Strome in Oilers zone.
0:17 of 3rd period - Matt Roy is hit by Ryan Pulock and loses puck.
0:19 of 3rd period - Minor Penalty to Vladislav Gavrikov for Tripping.
0:20 of 3rd period - Nick Suzuki wins face-off versus Paul Stastny in Oilers zone.
0:25 of 3rd period - Shot by Kevin Fiala.
0:25 of 3rd period - Shot Misses the Net.
0:27 of 3rd period - Shot by Devon Toews.
0:27 of 3rd period - Stopped by Jack Campbell without a rebound.
0:28 of 3rd period - Paul Stastny wins face-off versus Nick Suzuki in Oilers zone.
0:39 of 3rd period - Shot by Cole Caufield.
0:39 of 3rd period - Stopped by Jack Campbell without a rebound.
0:40 of 3rd period - Seth Jarvis wins face-off versus Paul Stastny in Oilers zone.
0:49 of 3rd period - Shot by Seth Jarvis.
0:49 of 3rd period - Stopped by Jack Campbell without a rebound.
0:50 of 3rd period - Nick Suzuki wins face-off versus Adam Lowry in Oilers zone.
0:53 of 3rd period - Shot by Nick Suzuki.
0:53 of 3rd period - Stopped by Jack Campbell without a rebound.
0:54 of 3rd period - Paul Stastny wins face-off versus Nick Suzuki in Oilers zone.
1:17 of 3rd period - Shot by Justin Faulk.
1:17 of 3rd period - Goal by Justin Faulk - Penguins : 3 - Oilers : 1.
1:18 of 3rd period - Phil Kessel wins face-off versus Ryan Johansen in neutral zone.
1:18 of 3rd period - Minor Penalty to Ryan Johansen for High sticking.
1:19 of 3rd period - Seth Jarvis wins face-off versus Paul Stastny in Oilers zone.
1:24 of 3rd period - Shot by Devon Toews.
1:24 of 3rd period - Stopped by Jack Campbell without a rebound.
1:25 of 3rd period - Nick Suzuki wins face-off versus Paul Stastny in Oilers zone.
1:44 of 3rd period - Justin Faulk is hit by Adam Lowry and loses puck.
2:42 of 3rd period - Shot by Phil Kessel.
2:42 of 3rd period - Stopped by Jack Campbell without a rebound.
2:43 of 3rd period - Seth Jarvis wins face-off versus Adam Lowry in Oilers zone.
3:31 of 3rd period - Shot by Ryan Johansen.
3:31 of 3rd period - Stopped by Calvin Petersen with a rebound.
3:33 of 3rd period - Shot by Ryan Johansen.
3:33 of 3rd period - Shot Blocked by Matt Roy.
3:35 of 3rd period - Shot by Ryan Johansen.
3:35 of 3rd period - Deflect By Cole Perfetti.
3:35 of 3rd period - Goal by Cole Perfetti - Penguins : 3 - Oilers : 2.
3:36 of 3rd period - Nick Suzuki wins face-off versus Dylan Strome in neutral zone.
4:00 of 3rd period - Shot by Ryan Pulock.
4:00 of 3rd period - Shot Misses the Net.
4:02 of 3rd period - Shot by Dylan Strome.
4:02 of 3rd period - Shot Misses the Net.
4:04 of 3rd period - Shot by Brandon Hagel.
4:04 of 3rd period - Shot Misses the Net.
4:14 of 3rd period - Shot by Ryan Pulock.
4:14 of 3rd period - Shot Misses the Net.
4:16 of 3rd period - Shot by Ryan Pulock.
4:16 of 3rd period - Deflect By Dylan Strome.
4:16 of 3rd period - Stopped by Calvin Petersen without a rebound.
4:17 of 3rd period - Seth Jarvis wins face-off versus Ryan Johansen in Penguins zone.
4:27 of 3rd period - Off-side.
4:28 of 3rd period - Alexander Barabanov wins face-off versus Ryan Poehling in neutral zone.
5:32 of 3rd period - Shot by Kevin Fiala.
5:32 of 3rd period - Shot Misses the Net.
5:38 of 3rd period - Shot by Kevin Fiala.
5:38 of 3rd period - Goal by Kevin Fiala - Penguins : 4 - Oilers : 2.
5:39 of 3rd period - Dylan Strome wins face-off versus Seth Jarvis in neutral zone.
6:19 of 3rd period - Icing by Josh Anderson.
6:20 of 3rd period - Seth Jarvis wins face-off versus Ryan Johansen in Penguins zone.
7:00 of 3rd period - Shot by Cole Perfetti.
7:00 of 3rd period - Shot Blocked by Mathew Dumba.
8:10 of 3rd period - Icing by Brandon Hagel.
8:11 of 3rd period - Ryan Poehling wins face-off versus Dylan Strome in Oilers zone.
8:12 of 3rd period - Shot by Henri Jokiharju.
8:12 of 3rd period - Shot Misses the Net.
8:45 of 3rd period - Troy Stecher is hit by Oskar Lindblom.
9:23 of 3rd period - Shot by Ryan Johansen.
9:23 of 3rd period - Stopped by Calvin Petersen without a rebound.
9:24 of 3rd period - Adam Lowry wins face-off versus Seth Jarvis in Penguins zone.
9:44 of 3rd period - Shot by Seth Jarvis.
9:44 of 3rd period - Stopped by Jack Campbell without a rebound.
9:45 of 3rd period - Ryan Johansen wins face-off versus Nick Suzuki in Oilers zone.
10:00 of 3rd period - Shot by Nick Suzuki.
10:00 of 3rd period - Shot Misses the Net.
10:02 of 3rd period - Shot by Cole Caufield.
10:02 of 3rd period - Stopped by Jack Campbell without a rebound.
10:03 of 3rd period - Seth Jarvis wins face-off versus Dylan Strome in Oilers zone.
11:07 of 3rd period - Icing by Ondrej Palat.
11:08 of 3rd period - Ryan Johansen wins face-off versus Nick Suzuki in Oilers zone.
11:17 of 3rd period - Nick Suzuki is hit by Ondrej Palat and loses puck.
11:34 of 3rd period - Shot by Nick Suzuki.
11:34 of 3rd period - Stopped by Jack Campbell without a rebound.
11:35 of 3rd period - Rem Pitlick wins face-off versus Adam Lowry in Oilers zone.
11:50 of 3rd period - Shot by Rudolfs Balcers.
11:50 of 3rd period - Shot Misses the Net.
11:52 of 3rd period - Shot by Oskar Lindblom.
11:52 of 3rd period - Stopped by Jack Campbell without a rebound.
11:53 of 3rd period - Nick Suzuki wins face-off versus Dylan Strome in Oilers zone.
12:17 of 3rd period - Icing by Brandon Hagel.
12:18 of 3rd period - Dylan Strome wins face-off versus Seth Jarvis in Oilers zone.
12:29 of 3rd period - Brock Boeser is hit by Josh Anderson and loses puck.
12:35 of 3rd period - Dylan Strome is hit by Matt Roy and loses puck.
13:03 of 3rd period - Icing by Mattias Samuelsson.
13:04 of 3rd period - Ryan Johansen wins face-off versus Nick Suzuki in Oilers zone.
14:25 of 3rd period - Icing by Ryan Pulock.
14:26 of 3rd period - Adam Lowry wins face-off versus Seth Jarvis in Oilers zone.
14:43 of 3rd period - Shot by Adam Lowry.
14:43 of 3rd period - Shot Misses the Net.
14:47 of 3rd period - Shot by Josh Bailey.
14:47 of 3rd period - Stopped by Calvin Petersen without a rebound.
14:48 of 3rd period - Dylan Strome wins face-off versus Rem Pitlick in Penguins zone.
15:50 of 3rd period - Shot by Nick Suzuki.
15:50 of 3rd period - Shot Blocked by Troy Stecher.
15:52 of 3rd period - Shot by Matt Roy.
15:52 of 3rd period - Stopped by Jack Campbell without a rebound.
15:53 of 3rd period - Ryan Johansen wins face-off versus Seth Jarvis in Oilers zone.
16:05 of 3rd period - Minor Penalty to Ryan Johansen for Cross-checking.
16:06 of 3rd period - Nick Suzuki wins face-off versus Jakob Silfverberg in Oilers zone.
16:19 of 3rd period - Shot by Devon Toews.
16:19 of 3rd period - Stopped by Jack Campbell without a rebound.
16:20 of 3rd period - Seth Jarvis wins face-off versus Paul Stastny in Oilers zone.
16:48 of 3rd period - Icing by Seth Jarvis.
16:49 of 3rd period - Seth Jarvis wins face-off versus Paul Stastny in Penguins zone.
18:22 of 3rd period - Shot by Ondrej Palat.
18:22 of 3rd period - Stopped by Calvin Petersen without a rebound.
18:23 of 3rd period - Dylan Strome wins face-off versus Rem Pitlick in Penguins zone.
18:24 of 3rd period - Shot by Brock Boeser.
18:24 of 3rd period - Stopped by Calvin Petersen without a rebound.
18:25 of 3rd period - Seth Jarvis wins face-off versus Ryan Johansen in Penguins zone.
18:33 of 3rd period - Shot by Cole Perfetti.
18:33 of 3rd period - Shot Misses the Net.
19:39 of 3rd period - Icing by Scott Mayfield.
19:40 of 3rd period - Ryan Johansen wins face-off versus Ryan Poehling in Oilers zone.
19:40 of 3rd period - Ryan Johansen is hit by Logan O'Connor.
Goals for this period are 2 for Penguins vs 1 for Oilers.
Shots for this period are 14 for Penguins vs 7 for Oilers.